 Dungeon Crawl Stone Soup version 0.32-a0-329-ge6c31236d6 (webtiles) character file.

Game seed: 7155970254265035682

1 Bravepunisher the Ducker (level 1, 0/11 HPs)
             Began as a Spriggan Monk on Feb 16, 2024.
             Succumbed to an adder's poison
             ... on level 4 of the Dungeon.
             The game lasted 00:00:50 (210 turns).

Bravepunisher the Ducker (Spriggan Monk)             Turns: 210, Time: 00:00:51

Health: 0/11       AC:  2    Str:  7    XL:     1   Next: 16%
Magic:  2/2        EV: 18    Int: 11    God:
Gold:   12         SH:  0    Dex: 17    Spells: 0/0 levels left

rFire   . . .        a - +0 short sword
rCold   . . .        (no shield)
rNeg    . . .        b - +0 robe
rPois   .            (helmet restricted)
rElec   .            (no cloak)
rCorr   .            (gloves unavailable)
SInv    +            (boots unavailable)
Will    .....        (no amulet)
Stlth   ++           (no ring)
HPRegen 0.21/turn    (no ring)
MPRegen 0.08/turn

%: no passive effects
@: lethally poisoned (0 -> -9), very quick
A: very small, no large weapons, unfitting armour, see invisible, speed 3
a: no special abilities


You were on level 4 of the Dungeon.
You visited 1 branch of the dungeon, and saw 4 of its levels.

You collected 12 gold pieces.

Inventory:

Hand Weapons
 a - a +0 short sword (weapon)
Armour
 b - a +0 robe (worn)
Jewellery
 d - a ring of wizardry
Scrolls
 e - a scroll of fear {unknown}


   Skills:
 + Level 2.4 Fighting
 - Level 3.2 Short Blades
 * Level 4.1 Dodging


You couldn't memorise any spells.
You didn't know any spells.
Your spell library was empty.

Dungeon Overview and Level Annotations

Branches:
Dungeon (4/15)
 Temple: D:4-7

Altars:

Annotations:
D:3 1 runed translucent door


Innate Abilities, Weirdness & Mutations

You are very small and have problems with some larger weapons.
You are too small for most types of armour.
You have supernaturally acute eyesight. (SInv)
You cover ground extremely quickly. (Speed+++)


Message History

You hit the adder.
The adder is moderately wounded.
You feel sick. The adder barely misses you. The adder misses you.
The gnoll misses you. The adder bites you but does no damage.
You bump into the rock wall.
You feel sick.
The hound barks!
The adder completely misses you. The gnoll closely misses you.
The adder completely misses you. The adder closely misses you.
You bump into the rock wall.
You feel sick. The adder barely misses you.
The gnoll hits you from afar with a +0 spear.
The adder bites you but does no damage.
You miss the adder.
The adder is moderately wounded.
You feel sick. The adder misses you. The adder closely misses you.
The gnoll completely misses you.
You bump into the rock wall.
You feel sick. The adder closely misses you. The adder barely misses you.
The gnoll barely misses you. The adder bites you.
You closely miss the adder.
The adder is moderately wounded.
You feel less invigorated.
You feel less confused.
You feel sick. The adder misses you. The gnoll closely misses you.
The adder closely misses you. The adder bites you.
You are lethally poisoned!
The adder poisons you!
Unknown command.
You hit the adder.
The adder is severely wounded.
You feel sick. The adder bites you.
You are more poisoned.
The adder poisons you! The adder completely misses you. The gnoll misses you.
Unknown command.
You hit the adder but do no damage.
The adder is severely wounded.
* * * LOW HITPOINT WARNING * * *
You feel sick. The adder barely misses you. The adder bites you.
* * * LOW HITPOINT WARNING * * *
You completely miss the adder.
The adder is severely wounded.
You die...

#########
#.....?.#
..g...#S#####.#
......#.....#.#
...S..#####S#.#
...g# #.#.####
....# #.#.hS@#
..g.# #S#.##S#
....#######.####g#
.>gShg.h.....g..g#
#.##########.#####
#.# .# #.# .# #.#
(# #.# .#


You could see a hound, 2 gnolls and 2 adders.

Vanquished Creatures
  A kobold (D:1)
1 creature vanquished.

Notes
Turn   | Place    | Note
-------+----------+-------------------------------------------
     0 | D:1      | Bravepunisher the Spriggan Monk began the quest for the
                  | Orb.
     0 | D:1      | Reached XP level 1. HP: 11/11 MP: 2/2
   119 | D:3      | Found a runed translucent door.
   141 | D:4      | Noticed a hound
   149 | D:4      | Noticed a hound
   157 | D:4      | Noticed a gnoll bouda
   210 | D:4      | Succumbed to an adder's poison

Illustrated notes

Levels and vault maps discovered:
D:1:      elethiomel_arrival_quiet, layout_basic
D:2:      minmay_chambers_of_ones, layout_loops_cross, kennysheep_another_room,
          minmay_unequal, uniq_crazy_yiuf_cottage, uniq_terence
D:3:      layout_basic, gammafunk_temple_overflow_wave, ebering_ghost_sewer_d
D:4:      layout_basic, uniq_ijyb, uniq_sigmund

Action                     || total
---------------------------++-------
  Melee: Short sword       ||     9
    Use: Potion            ||     1
   Stab: Sleeping          ||     1
 Armour: Robe              ||    13
  Dodge: Dodged            ||    37

Table legend: (Time is in decaauts)
 A = Elapsed time spent in this place.
 B = Non-inter-level travel time spent in this place.
 C = Inter-level travel time spent in this place.
 D = Time resting spent in this place.
 E = Time spent auto-exploring this place.
 F = Levels seen in this place.
 G = Mean time per level.
                   A        B        C        D        E       F      G
               +--------+--------+--------+--------+--------+-----+--------+
         Total |    136 |    136 |      0 |      0 |     60 |   4 |   34.0 |
       Dungeon |    136 |    136 |      0 |      0 |     60 |   4 |   34.0 |
               +--------+--------+--------+--------+--------+-----+--------+

Top non-repeatable levels by time:
     D:1: 59 daAuts
     D:4: 45 daAuts
     D:3: 25 daAuts
     D:2: 6 daAuts
